 Dungeon Crawl Stone Soup version 0.27.1-35-g4d5d836560 (webtiles) character file.

Game seed: 2475544115546103386

746 Delamore the Covert (level 7, -2/45 HPs)
             Began as an Octopode Brigand on Mar 3, 2022.
             Was an Initiate of Gozag.
             Slain by a centaur (3 damage)
             ... on level 5 of the Dungeon.
             The game lasted 00:04:45 (4431 turns).

Delamore the Covert (Octopode Brigand)              Turns: 4431, Time: 00:04:46

Health: -2/45      AC:  1    Str: 10    XL:     7   Next: 77%
Magic:  7/7        EV: 12    Int: 14    God:    Gozag
Gold:   224        SH:  5    Dex: 15    Spells: 6/6 levels left

rFire    . . .     SeeInvis .   i - +2 short sword (speed)
rCold    . . .     Faith    .   m - +0 buckler
rNeg     + . .     Spirit   .   (helmet restricted)
rPois    .         Reflect  .   (no amulet)
rElec    .         Harm     .   l - ring of positive energy
rCorr    .         Rampage  .   (no ring)
Will     .....                  (no ring)
Stlth    +++++.....             (no ring)
HPRegen  0.15/turn              (no ring)
MPRegen  0.10/turn              (no ring)
                                (no ring)
                                (no ring)

@: gold aura
A: almost no armour, amphibious, 8 rings, camouflage 1, gelatinous body 1,
(nimble swimmer 1), tentacles
a: Renounce Religion, Potion Petition, Call Merchant, Bribe Branch


You were on level 5 of the Dungeon.
You worshipped Gozag.
Gozag was aware of your devotion.
You visited 1 branch of the dungeon, and saw 5 of its levels.

You collected 258 gold pieces.
You paid 34 gold pieces to Gozag.

Inventory:

Hand Weapons
 a - a +2 dagger
 i - a +2 short sword of speed (weapon)
Missiles
 b - 34 poisoned darts
 u - 7 boomerangs (quivered)
Armour
 m - a +0 buckler (worn)
Jewellery
 l - a ring of positive energy (left tentacle)
Wands
 g - a wand of flame (7)
 o - a wand of paralysis (3)
 r - a wand of polymorph (5)
Scrolls
 h - 3 scrolls of noise
 j - a scroll of amnesia
 n - a scroll of teleportation
 v - a scroll of fear
 w - a scroll of vulnerability
 x - a scroll of enchant armour {unknown}
Potions
 d - a potion of heal wounds
 e - a potion of resistance {unknown}
 f - a potion of haste {unknown}
 k - a potion of curing
 p - 2 potions of cancellation {unknown}
 q - a potion of lignification {unknown}
 s - 2 potions of ambrosia {unknown}
 t - a potion of degeneration {unknown}


   Skills:
 - Level 2.0 Fighting
 + Level 4.8 Short Blades
 - Level 2.0 Throwing
 - Level 1.0 Dodging
 - Level 10.0 Stealth
 + Level 3.5 Shields


You had 6 spell levels left.
You didn't know any spells.
Your spell library contained the following spells:

 Spells                   Type           Power      Damage    Failure   Level
 Animate Skeleton         Necr           0%         N/A       30%         1
 Pain                     Necr           0%         1d4       30%         1
 Gell's Gravitas          Tloc           0%         N/A       65%         3
 Lesser Beckoning         Tloc           0%         N/A       65%         3
 Teleport Other           Tloc           0%         N/A       65%         3
 Vampiric Draining        Necr           0%         2d6       65%         3


Dungeon Overview and Level Annotations

Branches:
Dungeon (5/15)
 Temple: D:4-7

Altars:
Ashenzari
Fedhas
Gozag
Kikubaaqudgha
Nemelex Xobeh
Qazlal
Ru
Uskayaw
Vehumet


Innate Abilities, Weirdness & Mutations

You cannot wear most types of armour.
You are amphibious.
You can wear up to eight rings at the same time.
Your skin changes colour to match your surroundings (Stealth+).
Your rubbery body absorbs attacks. (AC +1, EV +1)
((You are camouflaged near water. (Stealth+)))
You have tentacles for arms and can constrict up to eight enemies at once.


Message History

The centaur hits you. The centaur kicks you.
You hit the centaur.
The centaur is moderately wounded.
The centaur barely misses you. You block the centaur's attack.
You barely miss the centaur. Your squeeze misses the centaur.
The centaur is moderately wounded.
You block the centaur's attack. The centaur kicks you.
You barely miss the centaur. You squeeze the centaur.
The centaur is heavily wounded.
You block the centaur's attack. The centaur barely misses you.
You hit the centaur.
The centaur is severely wounded.
The centaur hits you. The centaur kicks you.
You hit the ogre but do no damage. You squeeze the ogre!
The ogre is almost dead.
You hit the centaur but do no damage.
The centaur is severely wounded.
The centaur hits you. The centaur closely misses you.
You barely miss the ogre.
The ogre is almost dead.
You block the centaur's attack.
The centaur kicks you but does no damage.
The ogre hits you with a +0 giant club!
* * * LOW HITPOINT WARNING * * *
You hit the ogre.
You kill the ogre!
The centaur barely misses you. x2
You hit the centaur.
The centaur is severely wounded.
The centaur hits you.
* * * LOW HITPOINT WARNING * * *
The centaur closely misses you.
You barely miss the centaur.
You squeeze the centaur, but do no damage.
The centaur is severely wounded.
The centaur hits you.
* * * LOW HITPOINT WARNING * * *
The centaur kicks you.
You die...
Your body crumbles into a pile of gold.

.#....##.#.##.#
##.#.##........
....###.#.##.#.
##.#.##...#..#
.#..##.#.##.#.(##
##.#.##......
.....##.#.##.#./##
##.#.#......
......##.#.##$#:$##
##.#......#
.....#.##.#.##.$#.##
##........ #...#.#
##.#.##(.#.#
##....... ....##.
##.#.##$.# ##......
.....## ##.#.#@#.#
##....... ......#
##.#.#c## ##........
......# ##.#(##
##..#...#.# ......#
## ## #..###..###
......#####
####.......##
..........##
#.###.......#
.....#.....##
###.#..###..###
.....#......#
##......# .#
............###
#......## #


You could see a centaur.

Vanquished Creatures
  A wyvern (D:4)
  2 sky beasts (D:5)
  2 ogres (D:5)
  A hound (D:4)
  Ijyb (D:3)
  Terence (D:2)
  A hound skeleton (D:4)
  2 hound zombies (D:5)
  2 adders (D:3)
  A shadow imp (D:5)
  A dart slug (D:2)
  3 worms
  4 orcs
  10 ball pythons
  7 bats
  6 endoplasms
  3 giant cockroaches
  10 hobgoblins
  2 jackals (D:1)
  4 quokkas
  4 frilled lizards
  6 goblins
  9 kobolds
  6 rats
89 creatures vanquished.

Vanquished Creatures (others)
  2 plants (D:2)
  A withered plant (D:3)
3 creatures vanquished.

Grand Total: 92 creatures vanquished

Notes
Turn   | Place    | Note
-------+----------+-------------------------------------------
     0 | D:1      | Delamore the Octopode Brigand began the quest for the Orb.
     0 | D:1      | Reached XP level 1. HP: 14/14 MP: 1/1
   134 | D:1      | Reached XP level 2. HP: 5/19 MP: 2/2
   415 | D:1      | Reached skill level 6 in Stealth
   726 | D:1      | Reached XP level 3. HP: 11/24 MP: 3/3
  1525 | D:2      | Noticed Terence
  1528 | D:2      | Killed Terence
  1529 | D:2      | Reached skill level 7 in Stealth
  1529 | D:2      | Reached XP level 4. HP: 29/29 MP: 4/4
  1923 | D:2      | Found a radiant altar of Vehumet.
  2365 | D:3      | Noticed Ijyb
  2372 | D:3      | Paralysed by Ijyb for 5 turns
  2382 | D:3      | Paralysed by Ijyb for 7 turns
  2395 | D:3      | Killed Ijyb
  2396 | D:3      | Reached XP level 5. HP: 27/34 MP: 5/5
  2487 | D:3      | Found a faded altar of an unknown god.
  2600 | D:3      | Reached skill level 1 in Shields
  2940 | D:4      | Noticed a wyvern
  2949 | D:4      | Killed a wyvern
  2950 | D:4      | Reached skill level 8 in Stealth
  2950 | D:4      | Reached XP level 6. HP: 39/39 MP: 6/6
  3026 | D:4      | Found a blossoming altar of Fedhas.
  3492 | D:4      | Found an opulent altar of Gozag.
  3500 | D:4      | Found a radiant altar of Vehumet.
  3507 | D:4      | Became a worshipper of Gozag Ym Sagoz the Greedy
  3519 | D:4      | Found a broken altar of Ashenzari.
  3527 | D:4      | Found a sacrificial altar of Ru.
  3534 | D:4      | Found an ancient bone altar of Kikubaaqudgha.
  3541 | D:4      | Found a stormy altar of Qazlal.
  3547 | D:4      | Found a hide-covered altar of Uskayaw.
  3711 | D:5      | Entered Level 5 of the Dungeon
  3721 | D:5      | Reached skill level 9 in Stealth
  3721 | D:5      | Reached XP level 7. HP: 45/45 MP: 7/7
  3753 | D:5      | Found a sparkling altar of Nemelex Xobeh.
  3873 | D:5      | HP: 1/45 [something (6)]
  4396 | D:5      | Reached skill level 10 in Stealth
  4431 | D:5      | HP: 1/45 [centaur (6)]
  4431 | D:5      | Slain by a centaur

Illustrated notes

Levels and vault maps discovered:
D:1:      kennysheep_arrival_seaside, layout_loops_ring,
          chequers_serial_rivers_small_3, minmay_cupped
D:2:      cheibrodos_old_hovel, layout_basic, basic_altar, uniq_terence
D:3:      layout_basic, ebering_ecumenical_altar_petrified, minmay_quantized,
          uniq_ijyb
D:4:      layout_rooms, mainiacjoe_overflow_boulevard,
          grunt_temple_overflow_octagram
D:5:      minmay_inner_zag, layout_cave_pools, general_overflow_altar

Skill      XL: |  1  2  3  4  5  6  7 |
---------------+----------------------+-----
Stealth        | 6 7 8 9 10 | 10.0
Short Blades   | 3 4 |  4.8
Shields        | 2 3 |  3.5
Fighting       | |  2.0
Throwing       | |  2.0
Dodging        | |  1.0

Action                   |  1- 3 |  4- 6 |  7- 9 || total
-------------------------+-------+-------+-------++-------
Melee: Dagger            |    48 |       |       ||    48
       Constrict         |    11 |    10 |     5 ||    26
       Tentacles         |    11 |     9 |    10 ||    30
       Short sword       |    16 |    69 |    52 ||   137
Throw: Boomerang         |       |     4 |     2 ||     6
       Dart              |       |     2 |     3 ||     5
Evoke: Wand              |       |       |     1 ||     1
  Use: Scroll            |     2 |     2 |     1 ||     5
       Potion            |       |     3 |     1 ||     4
 Stab: Sleeping          |    15 |    24 |       ||    39
       Distracted        |       |     1 |     1 ||     2
Armor: Skin              |     3 |     1 |     3 ||     7
Dodge: Dodged            |    38 |    16 |    22 ||    76
Block: Buckler           |       |     6 |     8 ||    14
